 Dungeon Crawl Stone Soup version 0.31-a0-977-gc230f8ef24 (webtiles) character file.

Game seed: 12911113784425634695

16271 Admiral the Grappler (level 12, -1/169 HPs)
             Began as a Troll Berserker on Oct 30, 2023.
             Was an Elder of Trog.
             Succumbed to a cane toad's poison
             ... on level 2 of the Lair of Beasts.
             The game lasted 01:08:59 (7970 turns).

Admiral the Grappler (Troll Berserker)              Turns: 7970, Time: 01:08:59

Health: -1/169     AC:  9    Str: 32    XL:     12   Next: 8%
Magic:  1/23       EV: 12    Int:  3    God:    Trog [****..]
Gold:   991        SH:  0    Dex:  9    Spells: 11/11 levels left

rFire   . .          .
                       - Unarmed
rCold   . . .        (no shield)
rNeg    . . .        F - +0 steam dragon scales
rPois   .            M - +2 hat
rElec   .            p - scarf {repulsion}
rCorr   .            (gloves unavailable)
SInv    .            (boots unavailable)
Will    .....        G - amulet of guardian spirit Stlth
                     d - ring of flight
HPRegen 1.28/turn    h - ring of magical power
MPRegen 0.18/turn

%: repel missiles, guardian spirit
@: berserking (expiring), lethally poisoned (-1 -> -12), flying, very quick
A: large, unfitting armour, claws 3, regeneration 1, shaggy fur 1, tough skin 1,
frail 1, passive freeze
a: Renounce Religion, Berserk, Trog's Hand, Brothers in Arms


You were on level 2 of the Lair of Beasts.
You worshipped Trog.
Trog was greatly pleased with you.
You visited 2 branches of the dungeon, and saw 11 of its levels.
You also visited: Ossuary and Bailey.

You collected 991 gold pieces.

Inventory:

Armour
 p - a scarf of repulsion (worn)
 F - +0 steam dragon scales (worn)
 M - a +2 hat (worn)
Jewellery
 d - a ring of flight (left claw)
 h - a ring of magical power (right claw)
 G - an amulet of guardian spirit (around neck)
Wands
 j - a wand of acid (8)
 s - a wand of flame (31)
 w - a wand of digging (6)
 C - a wand of iceblast (14)
 J - a wand of charming (5)
 L - a wand of mindburst (4)
Scrolls
 c - a scroll of revelation {unknown}
 g - 12 scrolls of teleportation
 i - a scroll of fear
 q - 5 scrolls of amnesia
 r - a scroll of fog {unknown}
 u - a scroll of silence {unknown}
 v - 7 scrolls of noise
 x - 3 scrolls of immolation
 y - 5 scrolls of enchant armour {unknown}
 A - 6 scrolls of identify
 B - 3 scrolls of enchant weapon {unknown}
 I - a scroll of poison {unknown}
 K - a scroll of blinking {unknown}
Potions
 b - 2 potions of enlightenment {unknown}
 e - 4 potions of curing
 k - 4 potions of heal wounds
 l - 2 potions of resistance {unknown}
 m - 7 potions of degeneration
 n - 2 potions of magic
 o - 2 potions of haste
 t - 3 potions of might {unknown}
 z - a potion of berserk rage {unknown}
 D - a potion of attraction {unknown}
 E - a potion of invisibility {unknown}
 H - a potion of brilliance {unknown}


   Skills:
 - Level 10.1 Fighting
 - Level 0.1 Long Blades
 - Level 0.1(0.2) Axes
 - Level 0.1(0.2) Maces & Flails
 - Level 0.1 Polearms
 - Level 10.0 Dodging
 - Level 10.3 Unarmed Combat
 - Level 4.2 Invocations
 + Level 2.4 Evocations


You had 11 spell levels left.
You didn't know any spells.
Your spell library was empty.

Dungeon Overview and Level Annotations

Branches:
Dungeon (9/15)             Temple (0/1) D:5            Lair (2/5) D:9
Ossuary (visited)          Bailey (visited)
  Swamp: Lair:2-3    Shoals: Lair:2-3     Snake: Lair:2-3    Spider: Lair:2-3
    Orc: D:9-12

Altars:
Cheibriados
Hepliaklqana
Uskayaw
Xom

Shops:
D:7 [   D:9 [

Annotations:
D:9 2 transporters, Wizardman01's ghost, journeyman KoBe


Innate Abilities, Weirdness & Mutations

You are too large for most types of armour.
You have claws for hands.
Your natural rate of healing is unusually fast.
You are covered in fur. (AC +1)
You have tough skin. (AC +1)
You are frail. (-10% HP)
A frigid envelope surrounds you and freezes all who hurt you.


Message History

Your Evocations skill increases to level 2!
You claw the death yak!
The death yak is lightly wounded.
The cane toad stings you!!
You are poisoned.
The cane toad poisons you! The death yak gores you!
* * * LOW HITPOINT WARNING * * *
The death yak is very cold.
The death yak is moderately wounded.
The death yak gores you.
* * * LOW HITPOINT WARNING * * *
The death yak is very cold.
The death yak is lightly wounded.
You scratch the death yak but do no damage.
The death yak is moderately wounded.
You feel sick.
You claw the death yak!
The death yak is heavily wounded.
You feel sick. The cane toad stings you!
* * * LOW HITPOINT WARNING * * *
You are more poisoned.
The cane toad poisons you!
The cane toad is very cold.
The cane toad seems to slow down.
The cane toad is lightly wounded.
You barely miss the death yak.
The death yak is heavily wounded.
You feel very sick. The death yak gores you.
The death yak is very cold.
The death yak is lightly wounded.
The death yak gores you!!
* * * LOW HITPOINT WARNING * * *
The death yak is very cold.
The death yak is heavily wounded.
You are too berserk!
You barely miss the death yak.
The death yak is heavily wounded.
* * * LOW HITPOINT WARNING * * *
You feel very sick. The cane toad barely misses you.
You die... # ## ######### #.########...##..# ##...#...........## ##...P.#####.#P.@.# .......# #####..# .......P# #YFYl#

.......##
#..l.....
#.....##
#..##...##
#..<.##
#..# .#...
####.#
...#
...... ###
.....
#....
.##.. ....


You could see 2 death yaks, a cane toad (slow), a basilisk and a wyvern.

Vanquished Creatures
  Gastronok (D:8)
  A hydra (Lair:2)
  Erica (D:9)
  3 two-headed ogres
  2 death yaks (Lair:2)
  Pikel (D:8)
  2 elephants (D:9)
  A black mamba (Lair:1)
  Maurice (D:8)
  Joseph (D:7)
  3 cane toads
  A komodo dragon (Lair:1)
  Grinder (D:5)
  11 yaks
  A wyvern (D:9)
  Grum (Bailey)
  2 steam dragons
  Menkaure (D:6)
  Edmund (D:6)
  4 water moccasins
  3 ice beasts
  An orc warrior (D:9)
  3 sky beasts (D:7)
  2 black bears
  2 ogres
  11 wolves
  A lemure (D:8)
  A kobold brigand (D:6)
  7 gnoll sergeants (Bailey)
  3 scorpions
  11 bullfrogs
  7 wights (D:8)
  6 killer bees (D:8)
  A howler monkey (D:7)
  A centaur zombie (Ossuary)
  A human zombie (Ossuary)
  An orc priest (D:9)
  6 hounds
  7 gnoll boudas (Bailey)
  4 orc wizards (D:9)
  Terence (D:2)
  Natasha (thrice) (D:4)
  2 hound skeletons (D:3)
  4 mummies (Ossuary)
  13 gnolls
  5 adders
  A white imp (D:7)
  2 ufetubi (D:6)
  2 worms
  2 dart slugs
  10 orcs
  11 ball pythons
  5 endoplasms
  4 giant cockroaches
  2 gnoll zombies (Ossuary)
  10 goblins
  9 hobgoblins
  11 jackals
  6 quokkas
  6 bats
  3 frilled lizards
  A goblin zombie (Ossuary)
  A hobgoblin zombie (Ossuary)
  14 kobolds
  A kobold zombie (Ossuary)
  An orc zombie (Ossuary)
  A quokka skeleton (D:3)
  A quokka zombie (D:3)
  10 rats
261 creatures vanquished.

Notes
Turn   | Place    | Note
-------+----------+-------------------------------------------
     0 | D:1      | Admiral the Troll Berserker began the quest for the Orb.
     0 | D:1      | Reached XP level 1. HP: 22/22 MP: 0/0
   117 | D:1      | Reached XP level 2. HP: 9/29 MP: 1/1
   324 | D:1      | Reached XP level 3. HP: 35/36 MP: 2/2
   785 | D:2      | Identified the +3 leather armour of the Charming Gods {rF+
                  | Str+2 Dex-4}
   956 | D:2      | Identified the +2 pair of boots "Isadi" {rC+ rN+ Dex+3}
   981 | D:2      | Reached ** piety under Trog
  1057 | D:2      | Reached XP level 4. HP: 44/44 MP: 3/3
  1313 | D:2      | Noticed Terence
  1320 | D:2      | Killed Terence
  1607 | D:3      | Reached XP level 5. HP: 53/53 MP: 4/4
  2131 | D:3      | Found a faded altar of an unknown god.
  2418 | D:4      | Noticed an ogre
  2423 | D:4      | Killed an ogre
  2424 | D:4      | Reached skill level 5 in Unarmed Combat
  2567 | D:4      | Noticed Natasha
  2572 | D:4      | Killed Natasha
  2573 | D:4      | Reached XP level 6. HP: 56/61 MP: 5/5
  2642 | D:4      | Noticed Natasha
  2652 | D:4      | Killed Natasha
  2656 | D:4      | Noticed Natasha
  2660 | D:4      | Killed Natasha
  2762 | D:4      | Reached *** piety under Trog
  2890 | D:4      | Found a shimmering altar of Xom.
  2892 | D:4      | Found a hazy altar of Hepliaklqana.
  2892 | D:4      | Noticed a purple ugly thing
  2893 | D:4      | Noticed a spectral ugly thing
  2893 | D:4      | Noticed a green ugly thing
  3016 | D:5      | Entered Level 5 of the Dungeon
  3032 | D:5      | Noticed Grinder
  3043 | D:5      | Killed Grinder
  3044 | D:5      | Reached XP level 7. HP: 46/68 MP: 6/6
  3057 | D:5      | Found a staircase to the Ecumenical Temple.
  3381 | D:5      | Found a sand-covered staircase.
  3391 | Ossuary  | Entered an ossuary
  3636 | Ossuary  | Gained mutation: Your body sometimes deteriorates upon
                  | taking damage. [potion of mutation]
  3636 | Ossuary  | Gained mutation: You have hidden genetic defects. [potion
                  | of mutation]
  3636 | Ossuary  | Gained mutation: You have a pair of small antennae on your
                  | head. [potion of mutation]
  3637 | Ossuary  | Lost mutation: Your body sometimes deteriorates upon taking
                  | damage. [potion of mutation]
  3637 | Ossuary  | Lost mutation: You have a pair of small antennae on your
                  | head. [potion of mutation]
  3637 | Ossuary  | Lost mutation: You have hidden genetic defects. [potion of
                  | mutation]
  3637 | Ossuary  | Gained mutation: You occasionally shout uncontrollably at
                  | your foes. [potion of mutation]
  3637 | Ossuary  | Gained mutation: You are agile. (Dex +4, Str/Int -1)
                  | [potion of mutation]
  3637 | Ossuary  | Gained mutation: You have sharp toenails. [potion of
                  | mutation]
  3638 | Ossuary  | Lost mutation: You are agile. (Dex +4, Str/Int -1) [potion
                  | of mutation]
  3638 | Ossuary  | Lost mutation: You have sharp toenails. [potion of
                  | mutation]
  3638 | Ossuary  | Lost mutation: You occasionally shout uncontrollably at
                  | your foes. [potion of mutation]
  3638 | Ossuary  | Gained mutation: You are frail. (-10% HP) [potion of
                  | mutation]
  3638 | Ossuary  | Gained mutation: A frigid envelope surrounds you and
                  | freezes all who hurt you. [potion of mutation]
  3663 | D:5      | Reached XP level 8. HP: 57/70 MP: 7/7
  4093 | D:6      | Reached skill level 5 in Fighting
  4180 | D:6      | Noticed Edmund
  4187 | D:6      | Killed Edmund
  4376 | D:6      | Noticed Menkaure
  4384 | D:6      | Killed Menkaure
  4504 | D:6      | Found a hide-covered altar of Uskayaw.
  4568 | D:7      | Reached XP level 9. HP: 83/83 MP: 8/8
  4614 | D:7      | Noticed Joseph
  4628 | D:7      | Killed Joseph
  4933 | D:7      | Found Cheibriados's Comfort Zone.
  4934 | D:7      | Found a snail-covered altar of Cheibriados.
  5064 | D:7      | Reached skill level 5 in Dodging
  5271 | D:8      | Noticed a two-headed ogre
  5281 | D:8      | Noticed Pikel
  5282 | D:8      | Killed a two-headed ogre
  5293 | D:8      | Killed Pikel
  5294 | D:8      | Reached XP level 10. HP: 36/93 MP: 9/9
  5445 | D:8      | Noticed Gastronok
  5464 | D:8      | Killed Gastronok
  5581 | D:8      | Reached **** piety under Trog
  5875 | D:8      | Noticed Maurice
  5883 | D:8      | Maurice stole 342 gold
  5889 | D:8      | Maurice stole 100 gold
  5893 | D:8      | Killed Maurice
  6075 | D:9      | Noticed a two-headed ogre
  6081 | D:9      | Killed a two-headed ogre
  6136 | D:9      | Found a transporter.
  6136 | D:9      | Noticed Wizardman01's ghost (journeyman KoBe)
  6137 | D:9      | a raiju changed into a black mamba
  6137 | D:9      | Noticed a black mamba (shapeshifter)
  6137 | D:9      | Noticed an arcanist
  6152 | D:9      | Found a transporter.
  6196 | D:9      | a black mamba changed into a human
  6236 | D:9      | Found Fegeul's Antique Armour Emporium.
  6281 | D:9      | Noticed a two-headed ogre
  6290 | D:9      | Killed a two-headed ogre
  6291 | D:9      | Found a flagged portal.
  6299 | Bailey   | Entered a bailey
  6305 | Bailey   | Reached XP level 11. HP: 75/101 MP: 10/10
  6446 | Bailey   | Noticed Grum
  6461 | Bailey   | Killed Grum
  6539 | Bailey   | Reached skill level 10 in Unarmed Combat
  6569 | Bailey   | Identified the +0 scale mail "Zeulir" {Rampage rN+}
  6996 | D:9      | Noticed Erica
  7003 | D:9      | Killed Erica
  7143 | D:9      | Found a staircase to the Lair.
  7171 | Lair:1   | Entered Level 1 of the Lair of Beasts
  7190 | Lair:1   | Reached skill level 10 in Fighting
  7486 | Lair:1   | Reached skill level 10 in Dodging
  7525 | Lair:1   | Reached skill level 1 in Invocations
  7902 | Lair:2   | Noticed a seven-headed hydra
  7905 | Lair:2   | Killed a nine-headed hydra
  7947 | Lair:2   | Noticed a death yak
  7947 | Lair:2   | Noticed a death yak
  7948 | Lair:2   | Noticed a death yak
  7949 | Lair:2   | Noticed a death yak
  7957 | Lair:2   | Killed a death yak
  7958 | Lair:2   | Reached skill level 1 in Evocations
  7958 | Lair:2   | Reached XP level 12. HP: 96/113 MP: 9/14
  7964 | Lair:2   | Killed a death yak
  7968 | Lair:2   | HP: 5/169 [death yak (21)]
  7970 | Lair:2   | Succumbed to a cane toad's poison

Illustrated notes

Levels and vault maps discovered:
D:1:      minmay_arrival_doors, layout_loops_cross, minmay_distorted
D:2:      layout_basic, uniq_terence
D:3:      layout_basic, serial_undead, serial_undead_f, serial_undead_d,
          serial_undead_c, serial_undead_d, dilly_ecumenical_altar_fadedgnrine
D:4:      layout_loops_cross, regret_index_temple_of_mockery, uniq_natasha
D:5:      layout_loops_ring, minmay_temple_entry_sparse_star,
          nicolae_ossuary_entry_monument, uniq_grinder
D:6:      layout_cave_pools, nicolae_uskayaw_dance_studio, uniq_edmund,
          uniq_menkaure
D:7:      layout_loops_ring, minmay_shop_chei, uniq_joseph
D:8:      layout_basic, uniq_maurice, uniq_pikel, uniq_gastronok
D:9:      layout_rooms, grunt_lair_entry_orc_guard_hut, gammafunk_ghost_arena,
          serial_shops, shop, enter_bailey_3, uniq_erica
Lair:1:   layout_roguey, lemuel_fruit_tree
Lair:2:   layout_loops_ring, hellmonk_spider_entry_not_the_bees,
          nicolae_volcano_entry_hallway, st_stairs_8

Skill      XL: |  1  2  3  4  5  6  7  8  9 10 11 12 |
---------------+-------------------------------------+-----
Dodging        | 3 4 7 9 10 | 10.0
Unarmed Combat | 4 5 6 7 8 9 10 | 10.3
Fighting       | 3 4 7 8 10 | 10.1
Invocations    | 4 |  4.2
Evocations     | 1 2 |  2.4
Long Blades    | |  0.1
Axes           | |  0.1
Maces & Flails | |  0.1
Polearms       | |  0.1

Action                     |  1- 3 |  4- 6 |  7- 9 | 10-12 || total
---------------------------+-------+-------+-------+-------++-------
  Melee: Unarmed           |   120 |   121 |   162 |   272 ||   675
         Punch             |     1 |     3 |     6 |    18 ||    28
  Throw: Throwing net      |       |       |       |     1 ||     1
 Invoke: Berserk           |     1 |     2 |     4 |     9 ||    16
         Trog's Hand       |       |     4 |     4 |     4 ||    12
  Evoke: Wand              |       |       |       |     1 ||     1
    Use: Scroll            |     2 |     3 |     3 |     3 ||    11
         Potion            |       |       |     5 |     6 ||    11
   Stab: Distracted        |       |       |     1 |       ||     1
 Armour: Animal skin       |    70 |    58 |    97 |       ||   225
         Steam dragon scal |       |       |       |   219 ||   219
  Dodge: Dodged            |    64 |    45 |    79 |   173 ||   361
         Repelled          |       |     1 |     2 |     1 ||     4

Table legend: (Time is in decaauts)
 A = Elapsed time spent in this place.
 B = Non-inter-level travel time spent in this place.
 C = Inter-level travel time spent in this place.
 D = Time resting spent in this place.
 E = Time spent auto-exploring this place.
 F = Levels seen in this place.
 G = Mean time per level.
                   A        B        C        D        E       F      G
               +--------+--------+--------+--------+--------+-----+--------+
         Total |   7994 |   7422 |    572 |    471 |   4428 |  13 |  614.9 |
       Dungeon |   6476 |   5953 |    523 |    314 |   3927 |   9 |  719.6 |
          Lair |    793 |    744 |     49 |     51 |    501 |   2 |  396.5 |
       Ossuary |    253 |    253 |      0 |      0 |      0 |   1 |  253.0 |
        Bailey |    471 |    471 |      0 |    106 |      0 |   1 |  471.0 |
               +--------+--------+--------+--------+--------+-----+--------+

Top non-repeatable levels by time:
     D:3: 936 daAuts
     D:8: 909 daAuts
     D:1: 757 daAuts
  Lair:1: 734 daAuts
     D:2: 709 daAuts
     D:5: 683 daAuts
     D:7: 661 daAuts
     D:4: 623 daAuts
     D:6: 616 daAuts
     D:9: 580 daAuts
  Bailey: 471 daAuts
 Ossuary: 253 daAuts
  Lair:2: 58 daAuts
